 Dungeon Crawl Stone Soup version 0.28.0 (webtiles) character file.

Game seed: 9355982276609127463

4 Descartes the Grasshopper (level 1, 0/16 HPs)
             Began as a Formicid Warper on Feb 5, 2022.
             Slain by a kobold (3 damage)
             ... on level 1 of the Dungeon.
             The game lasted 00:00:52 (148 turns).

Descartes the Grasshopper (Formicid Warper)          Turns: 148, Time: 00:00:53

Health: 0/16       AC:  3    Str: 15    XL:     1   Next: 66%
Magic:  3/3        EV: 11    Int: 12    God:
Gold:   0          SH:  0    Dex: 10    Spells: 4/4 levels left

rFire   . . .      SeeInvis +   a - +0 hand axe
rCold   . . .      Faith    .   (no shield)
rNeg    . . .      Spirit   .   b - +0 leather armour
rPois   .          Reflect  .   (helmet unavailable)
rElec   .          Harm     .   (no cloak)
rCorr   .          Rampage  .   (no gloves)
Will    .....                   (no boots)
Stlth   +.........              (no amulet)
HPRegen 0.05/turn               (no ring)
MPRegen 0.08/turn               (no ring)

@: no status effects
A: permanent stasis, dig shafts and tunnels, antennae 3, four strong arms
a: Dig, Shaft Self


You were on level 1 of the Dungeon.
You visited 1 branch of the dungeon, and saw 1 of its levels.

Inventory:

Hand Weapons
 a - a +0 hand axe (weapon)
Missiles
 c - 5 boomerangs of dispersal (quivered)
 d - 15 sling bullets
Armour
 b - a +0 leather armour (worn)
Scrolls
 e - a scroll of identify {unknown}


   Skills:
 - Level 2.1 Fighting
 + Level 2.1 Axes
 - Level 1.0 Throwing
 + Level 1.3 Armour
 - Level 1.7 Dodging
 - Level 2.1 Spellcasting
 + Level 2.8 Translocations


You had 4 spell levels left.
You didn't know any spells.
Your spell library contained the following spells:

 Spells                   Type           Power      Damage    Failure   Level
 Gell's Gravitas          Tloc           8%         N/A       30%         3
 Lesser Beckoning         Tloc           8%         N/A       30%         3
 Teleport Other           Tloc           8%         N/A       30%         3
 Manifold Assault         Tloc           8%         N/A       96%         5
 Blink                    Tloc           Unusable   N/A       N/A         2

Dungeon Overview and Level Annotations

Branches:
Dungeon (1/15)

Altars:

Shops:
D:1 *


Innate Abilities, Weirdness & Mutations

You cannot be hasted, slowed, berserked, paralysed or teleported.
You can dig through walls and to a lower floor.
You have a pair of large antennae on your head. (SInv)
Your four strong arms can wield two-handed weapons with a shield.


Message History

The ball python misses you. The ball python grabs you.
The ball python constricts you.
You closely miss the ball python.
The ball python is severely wounded.
The ball python barely misses you. The ball python constricts you.
The ball python bites you but does no damage.
The ball python constricts you.
You hit the ball python.
You kill the ball python!
There is an open door here.
Things that are here:
a ball python corpse; a frilled lizard corpse A kobold comes into view.
It is wielding a +0 short sword.
The kobold shouts!
A hobgoblin comes into view.
Found 13 gold pieces.
The hobgoblin shouts!
There are monsters nearby!
There is an open door here.
Things that are here:
a ball python corpse; a frilled lizard corpse You hit the kobold.
The kobold is severely wounded.
The kobold hits you but does no damage.
You closely miss the kobold.
The kobold is severely wounded.
The kobold hits you but does no damage.
You hit the kobold but do no damage.
The kobold is severely wounded.
The kobold hits you with a +0 short sword.
* * * LOW HITPOINT WARNING * * *
The kobold hits you with a +0 short sword.
* * * LOW HITPOINT WARNING * * *
You closely miss the kobold.
The kobold is severely wounded.
The kobold closely misses you.
You closely miss the kobold.
The kobold is severely wounded.
The kobold hits you with a +0 short sword.
You die...

....##≈.≈≈≈.≈# . .
....###'###+####.#########.#
..#............# ....{....#.
..############.# #..........
....###....†##.# #..........
......#.###.##.# #..........
....#.#.#......# #..........
....#.#.#.#.#######..........
......#.#.#.....@Kg..........
###.###.#.#########..........
#.....#.# ####...####
#.#####.# ...# #.# #.# .....
### ### ...#.# ...#.# ...# $


You could see a hobgoblin and a kobold.

Vanquished Creatures
  A ball python (D:1)
  A bat (D:1)
  A frilled lizard (D:1)
  2 rats (D:1)
5 creatures vanquished.

Notes
Turn   | Place    | Note
-------+----------+-------------------------------------------
     0 | D:1      | Descartes the Formicid Warper began the quest for the Orb.
     0 | D:1      | Reached XP level 1. HP: 16/16 MP: 3/3
     7 | D:1      | Found Gouhemopt's Assorted Antiques.
   148 | D:1      | Slain by a kobold

Illustrated notes

Levels and vault maps discovered:
D:1:      ncdulo_lavacross, layout_basic, serial_shops, shop, shop,
          shop_fountains

Action                   || total
-------------------------++-------
Melee: Hand axe          ||    22
Armor: Leather armour    ||     9
Dodge: Dodged            ||    13
